 Dungeon Crawl Stone Soup version 0.27.0-1-g7a089689b8 (webtiles) character file.

Game seed: 14115853070350423233

2438 rogsnak the Destroyer (level 9, -1/70 HPs)
             Began as a Naga Fire Elementalist on Aug 14, 2021.
             Was a Follower of Sif Muna.
             Slain by a vampire mosquito (9 damage)
             ... on level 7 of the Dungeon.
             The game lasted 00:17:07 (7135 turns).

rogsnak the Destroyer (Naga Fire Elementalist)      Turns: 7135, Time: 00:17:08

Health: -1/70      AC:  8    Str: 11    XL:     9   Next: 49%
Magic:  2/18       EV: 10    Int: 18    God:    Sif Muna [*.....]
Gold:   303        SH:  0    Dex: 18    Spells: 10/20 levels left

rFire    . . .     SeeInvis +   i - +2 short sword (freeze)
rCold    . . .     Faith    .   (no shield)
rNeg     + . .     Spirit   .   a - +0 robe
rPois    +         Reflect  .   h - +2 helmet
rElec    .         Harm     .   (no cloak)
rCorr    .         Rampage  .   b - +0 pair of gloves
Will     +....                  (no barding)
Stlth    ++........             (no amulet)
HPRegen  0.21/turn              g - +6 ring of dexterity
MPRegen  0.16/turn              A - ring of positive energy

@: very slow
A: AC +3, large, see invisible, deformed body, poison resistance, slowness 2,
spit poison 1, naga tail 1
a: Spit Poison, Renounce Religion, Channel Magic


You were on level 7 of the Dungeon.
You worshipped Sif Muna.
Sif Muna was aware of your devotion.
You visited 1 branch of the dungeon, and saw 7 of its levels.

You collected 303 gold pieces.

Inventory:

Hand Weapons
 i - a +2 short sword of freezing (weapon)
 z - a +0 shortbow of flaming
 C - a +1 dagger of venom
Missiles
 c - 3 boomerangs
 e - 166 stones
 B - 19 poisoned darts
Armour
 a - a +0 robe (worn)
 b - a +0 pair of gloves (worn)
 h - a +2 helmet (worn)
Jewellery
 g - a +6 ring of dexterity (left hand)
 A - a ring of positive energy (right hand)
Wands
 n - a wand of iceblast (9)
 w - a wand of flame (15)
Scrolls
 d - 10 scrolls of identify {unknown}
 j - a scroll of silence {unknown}
 l - a scroll of vulnerability {unknown}
 o - a scroll of magic mapping {unknown}
 p - 2 scrolls of blinking {unknown}
 r - a scroll of holy word {unknown}
 s - 2 scrolls of fog {unknown}
 t - a scroll of amnesia {unknown}
 v - a scroll of brand weapon {unknown}
 y - a scroll of enchant armour {unknown}
 D - 3 scrolls of noise {unknown}
Potions
 f - 2 potions of might {unknown}
 k - 3 potions of haste {unknown}
 m - 4 potions of curing
 q - 2 potions of mutation {unknown}
 u - a potion of ambrosia {unknown}
 x - a potion of brilliance {unknown}


   Skills:
 + Level 1.4 Fighting
 + Level 2.4 Dodging
 - Level 3.0 Stealth
 + Level 6.2 Spellcasting
 * Level 8.2 Conjurations
 + Level 6.9 Fire Magic


You had 10 spell levels left.
You knew the following spells:

 Your Spells              Type           Power      Damage    Failure   Level
a - Foxfire               Conj/Fire      100%       2x1d9     1%          1
b - Sticky Flame          Conj/Fire      32%        2d5       5%          4
c - Fireball              Conj/Fire      16%        3d8       14%         5

Your spell library contained the following spells:

 Spells                   Type           Power      Damage    Failure   Level
 Conjure Flame            Conj/Fire      32%        6-21      1%          3
 Inner Flame              Hex/Fire       18%        N/A       9%          3
 Pain                     Necr           20%        1d5       12%         1
 Ozocubu's Armour         Ice            5%         N/A       34%         3
 Agony                    Necr           5%         N/A       97%         5
 Excruciating Wounds      Necr           2%         N/A       97%         5
 Metabolic Englaciation   Hex/Ice        2%         N/A       97%         5
 Simulacrum               Ice/Necr       2%         N/A       100%        6


Dungeon Overview and Level Annotations

Branches:
Dungeon (7/15)             Temple (0/1) D:5

Altars:
Cheibriados
Elyvilon
Hepliaklqana
Kikubaaqudgha
Qazlal
Ru
Sif Muna
Trog

Annotations:
D:5 wall cache, 2 runed translucent doors, Sabo's ghost, novice MfGl
D:6 2 transporters, willcat's ghost, amateur GnDe


Innate Abilities, Weirdness & Mutations

Your serpentine skin is tough. (AC +3)
You have supernaturally acute eyesight. (SInv)
Armour fits poorly on your strangely shaped body.
Your system is resistant to poisons. (rPois)
You cover ground very slowly.
You can spit poison.
You have a snake-like lower body.


Message History

Press: ? - help, Shift-Dir - straight line, f/p - vampire mosquito
Aim: a vampire mosquito (severely damaged, covered in liquid flames, ally target, 100% to hit)
Okay, then.
It was a potion of curing.
You feel better.
The vampire mosquito burns!
The vampire mosquito stops burning.
The foxfire hits the vampire mosquito but does no damage.
The vampire mosquito is almost destroyed.
The vampire mosquito closely misses you.
The vampire mosquito bites you.
* * * LOW HITPOINT WARNING * * *
The vampire mosquito draws strength from your injuries!
The vampire mosquito bites you but does no damage.
The vampire mosquito completely misses you.
Casting: Sticky Flame (dangerous; 5% risk of failure)
Confirm with . or Enter, or press ? or * to list all spells.
Aiming: Sticky Flame (dangerous; 5% risk of failure)
Press: ? - help, Shift-Dir - straight line, f - vampire mosquito, p - vampire mosquito
Aim: a vampire mosquito (100% to hit)
The sticky flame hits the vampire mosquito!
The vampire mosquito is moderately damaged.
The vampire mosquito is covered in liquid flames!
The vampire mosquito burns!
The vampire mosquito bites you.
* * * LOW HITPOINT WARNING * * *
The vampire mosquito bites you but does no damage.
The vampire mosquito barely misses you. The vampire mosquito bites you.
* * * LOW HITPOINT WARNING * * *
The vampire mosquito draws strength from your injuries!
Casting: Sticky Flame (dangerous; 5% risk of failure)
Confirm with . or Enter, or press ? or * to list all spells.
You don't have enough magic to cast this spell.
Unknown command.
Casting: Sticky Flame (dangerous; 5% risk of failure)
Confirm with . or Enter, or press ? or * to list all spells.
You conjure some foxfire!
The vampire mosquito burns!
The vampire mosquito bites you but does no damage.
The vampire mosquito bites you.
* * * LOW HITPOINT WARNING * * *
The vampire mosquito draws strength from your injuries!
The vampire mosquito bites you!
You die...

. .y. #.########..#
#.......y...#
#.###y####.##
...##.y@###.#
.......v.v##.# )#
####......)#.##### .#
................##.#
#.##.......#.###....##.#
. ........)#.# #.......
.###.....)#.###...#
##...##........#
##.####.####..######


You could see 2 vampire mosquitoes.

Vanquished Creatures
  Sigmund (D:3)
  Eustachio (D:6)
  2 vampire mosquitoes (D:7)
  A water moccasin (D:5)
  An ice beast (D:5)
  A hornet zombie (D:5)
  A centaur (D:5)
  An ogre (D:6)
  2 phantoms
  A bullfrog (D:6)
  5 scorpions
  A water moccasin skeleton (D:4)
  2 centaur zombies
  4 hounds
  A bullfrog skeleton (D:6)
  A gnoll shaman (D:5)
  3 orc priests (D:6)
  A jelly (D:7)
  3 iguanas
  4 orc wizards
  A killer bee zombie (D:6)
  A hound zombie (D:5)
  9 adders
  12 gnolls
  A white imp (D:6)
  3 dart slugs
  2 worms (D:4)
  11 orcs
  5 ball pythons
  8 endoplasms
  3 giant cockroaches
  3 goblins
  4 hobgoblins
  5 jackals (D:3)
  9 kobolds
  4 quokkas
  5 bats
  2 frilled lizards (D:2)
  4 rats
129 creatures vanquished.

Vanquished Creatures (collateral kills)
  2 foxfires (D:7)
2 creatures vanquished.

Vanquished Creatures (others)
  482 foxfires
482 creatures vanquished.

Grand Total: 613 creatures vanquished

Notes
Turn   | Place    | Note
-------+----------+-------------------------------------------
     0 | D:1      | rogsnak the Naga Fire Elementalist began the quest for the
                  | Orb.
     0 | D:1      | Reached XP level 1. HP: 15/15 MP: 3/3
   407 | D:1      | Reached XP level 2. HP: 22/22 MP: 1/5
  1378 | D:2      | Reached XP level 3. HP: 28/28 MP: 3/6
  1669 | D:2      | Noticed a golden eye
  1754 | D:2      | Found a faded altar of an unknown god.
  1755 | D:2      | Noticed a golden eye
  1757 | D:2      | Noticed a shining eye
  1757 | D:2      | Noticed a great orb of eyes
  2062 | D:3      | Found a bloodstained altar of Trog.
  2062 | D:3      | Found an ancient bone altar of Kikubaaqudgha.
  2062 | D:3      | Found a sacrificial altar of Ru.
  2064 | D:3      | Found a hazy altar of Hepliaklqana.
  2064 | D:3      | Found a snail-covered altar of Cheibriados.
  2064 | D:3      | Found a white marble altar of Elyvilon.
  2064 | D:3      | Found a stormy altar of Qazlal.
  2082 | D:3      | Reached skill level 2 in Conjurations
  2082 | D:3      | Reached XP level 4. HP: 36/36 MP: 2/8
  2087 | D:3      | Learned a level 4 spell: Sticky Flame
  2326 | D:3      | Noticed Sigmund
  2339 | D:3      | Killed Sigmund
  2340 | D:3      | Reached skill level 3 in Conjurations
  2340 | D:3      | Reached XP level 5. HP: 32/42 MP: 0/10
  2340 | D:3      | Reached XP level 6. HP: 37/49 MP: 0/11
  3202 | D:4      | Reached skill level 4 in Conjurations
  3292 | D:4      | Reached XP level 7. HP: 55/55 MP: 4/12
  3662 | D:4      | Learned a level 5 spell: Fireball
  3814 | D:4      | Reached skill level 5 in Fire Magic
  4177 | D:5      | Entered Level 5 of the Dungeon
  4184 | D:5      | Reached skill level 5 in Conjurations
  4386 | D:5      | Reached XP level 8. HP: 63/63 MP: 9/14
  4586 | D:5      | Reached skill level 6 in Conjurations
  4893 | D:5      | Reached skill level 5 in Spellcasting
  4999 | D:5      | Found a shimmering blue altar of Sif Muna.
  5004 | D:5      | Became a worshipper of Sif Muna the Loreminder
  5114 | D:5      | Found a large runed translucent door.
  5115 | D:5      | Found a large runed translucent door.
  5120 | D:5      | Noticed Sabo's ghost (novice MfGl)
  5135 | D:5      | Found a staircase to the Ecumenical Temple.
  5767 | D:6      | Reached skill level 1 in Fighting
  6014 | D:6      | Reached skill level 7 in Conjurations
  6079 | D:6      | Reached XP level 9. HP: 55/70 MP: 4/17
  6269 | D:6      | Noticed Eustachio
  6316 | D:6      | Killed Eustachio
  6718 | D:6      | Reached * piety under Sif Muna
  6843 | D:6      | Found a transporter.
  6944 | D:6      | Noticed willcat's ghost (amateur GnDe)
  6944 | D:6      | Identified the +12 dire flail "Bingo" {holy, Str+6}
  6945 | D:6      | Found a transporter.
  7124 | D:7      | Reached skill level 8 in Conjurations
  7135 | D:7      | Slain by a vampire mosquito

Illustrated notes

Levels and vault maps discovered:
D:1:      scummos_arrival_forest, layout_loops_ring, grunt_decor_clamped
D:2:      layout_rooms, hellmonk_ecumenical_altar_watching_god,
          chequers_decorated_corner
D:3:      minmay_skewed_foursquare, layout_basic, grunt_temple_overflow_open,
          uniq_sigmund
D:4:      layout_basic
D:5:      layout_cave_pods, nicolae_sif_muna_little_library,
          minmay_temple_entry_statues_fountains, ebering_ghost_disaster_area
D:6:      layout_basic, gammafunk_ghost_smash, uniq_eustachio
D:7:      layout_loops_ring, nemelex_spade_bored_becter, serial_shops,
          shop_statue, serial_bayou_pond_a, uniq_crazy_yiuf_cottage

Skill      XL: |  1  2  3  4  5  6  7  8  9 |
---------------+----------------------------+-----
Conjurations   | 2 3 4 5 7 8 |  8.2
Dodging        | 2 |  2.4
Spellcasting   | 3 4 5 6 |  6.2
Fire Magic     | 4 5 6 |  6.9
Fighting       | 1 |  1.4
Stealth        | |  3.0

Action                   |  1- 3 |  4- 6 |  7- 9 || total
-------------------------+-------+-------+-------++-------
Melee: Unarmed           |     5 |       |       ||     5
       Hand axe          |    13 |       |       ||    13
       Short sword       |       |    17 |    25 ||    42
       Dagger            |       |       |     3 ||     3
 Cast: Foxfire           |    53 |    52 |   184 ||   289
       Sticky Flame      |       |     1 |    16 ||    17
 Abil: Spit Poison       |     5 |     6 |     7 ||    18
  Use: Potion            |       |       |     1 ||     1
 Stab: Sleeping          |       |     1 |     2 ||     3
Armor: Robe              |     4 |    13 |    24 ||    41
Dodge: Dodged            |    15 |    28 |    33 ||    76
